 Dungeon Crawl Stone Soup version 0.30-a0-989-g0d87f670db (webtiles) character file.

Game seed: 9532202405319613107

38 jtron the Sneak (level 3, 0/27 HPs)
             Began as a Demonspawn Brigand on Apr 2, 2023.
             Slain by an orc priest
             ... wielding a +0 trident
              (7 damage)
             ... on level 2 of the Dungeon.
             The game lasted 00:03:15 (1018 turns).

jtron the Sneak (Demonspawn Brigand)                Turns: 1018, Time: 00:03:15

Health: 0/27       AC:  3    Str: 11    XL:     3   Next: 25%
Magic:  4/4        EV: 11    Int: 14    God:
Gold:   88         SH:  0    Dex: 14    Spells: 2/4 levels left

rFire   . . .      SeeInvis .    b - +0 arbalest
rCold   . . .      Faith    .    (shield currently unavailable)
rNeg    . . .      Spirit   .    k - +0 robe
rPois   .          Reflect  .    (no helmet)
rElec   .          Rampage  .    c - +0 cloak
rCorr   .                        (no gloves)
Will    .....                    (no boots)
Stlth   +++                      (no amulet)
HPRegen 0.24/turn                (no ring)
MPRegen 0.09/turn                (no ring)

@: no status effects
A: hooves 1, demonic guardian 1
a: no special abilities


You were on level 2 of the Dungeon.
You visited 1 branch of the dungeon, and saw 3 of its levels.

You collected 88 gold pieces.

Inventory:

Hand Weapons
 a - a +2 dagger
 b - a +0 arbalest (weapon)
 o - a +0 spear of freezing
Missiles
 d - 9 poisoned darts
 e - 3 curare-tipped darts
 f - 18 stones
Armour
 c - a +0 cloak (worn)
 k - a +0 robe (worn)
Jewellery
 p - an amulet of reflection
Scrolls
 h - 3 scrolls of teleportation {unknown}
 j - 3 scrolls of immolation {unknown}
 m - a scroll of acquirement {unknown}
 n - a scroll of brand weapon {unknown}
 q - a scroll of summoning {unknown}
 r - a scroll of identify {unknown}
Potions
 i - a potion of mutation {unknown}
 l - a potion of curing {unknown}


   Skills:
 + Level 2.1 Fighting
 + Level 1.9 Short Blades
 * Level 0.4 Ranged Weapons
 + Level 1.9 Throwing
 + Level 0.9 Dodging
 - Level 4.0 Stealth
 * Level 1.1 Spellcasting
 * Level 0.4 Hexes
 * Level 0.6 Ice Magic


You had 2 spell levels left.
You knew the following spells:

 Your Spells              Type           Power      Damage    Failure   Level
a - Ensorcelled Hibernat  Hex/Ice        4%         N/A       30%         2

Your spell library contained the following spells:

 Spells                   Type           Power      Damage    Failure   Level
 Spider Form              Tmut/Pois      0%         N/A       61%         3
 Anguish                  Hex/Necr       0%         N/A       94%         4


Dungeon Overview and Level Annotations

Branches:
Dungeon (3/15)

Altars:


Innate Abilities, Weirdness & Mutations

You have large cloven feet.
A weak demonic guardian rushes to your aid.


Message History

The orc is almost dead.
You hear a shout!
An orc comes into view. It is wielding a +0 falchion.
An orc priest comes into view.
It is wielding a +0 trident and wearing a +0 leather armour of cold resistance.
The orc priest shouts!
You shoot a bolt. The orc shouts!
The bolt hits the orc.
You kill the orc!
You shoot a bolt.
The bolt hits the orc but does no damage.
You hear a shout! x2
The orc priest invokes the aid of Beogh against you.
Beogh smites you!
A demonic guardian appears!
A goblin comes into view. It is wielding a +0 dagger.
You shoot a bolt. The bolt closely misses the orc.
The orc hits you with a +0 falchion. The goblin closely misses your quasit.
A kobold comes into view. It is wielding a +0 whip.
Your quasit bites the orc but does no damage.
Your quasit claws the orc.
Your quasit claws the orc but does no damage.
You are too injured to fight recklessly!
Fire: b) +0 arbalest
Press: ? - help, Q - select action, (/) - cycle Shift-Dir - straight line, f/p - orc
Aim: an orc, wielding a +0 falchion and wearing a +0 scale mail (lightly wounded, ally target, 56% to hit)
You shoot a bolt. The bolt hits the orc!
You kill the orc!
Your quasit bites the goblin.
Your quasit claws the goblin.
The goblin dies!
A quokka comes into view.
Your quasit bites the kobold.
Your quasit misses the kobold.
Your quasit barely misses the kobold.
The kobold closely misses your quasit.
The orc priest hits you from afar with a +0 trident.
* * * LOW HITPOINT WARNING * * *
It was a potion of cancellation.
You feel magically purged.
Your quasit bites the kobold.
Your quasit claws the kobold but does no damage.
Your quasit misses the kobold.
The orc priest hits you from afar with a +0 trident!
You die...

#..............
#.
#.#############
#. #.#... #)
#.##.# ..
#.##.# #. #.
#.##.# .. #o
#.##.#
#.#)###.##.#
#rK5@#.....#
.###.....####
.........##
##########


You could see an orc priest, a quokka, a kobold (ally target) and a friendly
quasit (summoned).

Vanquished Creatures
  An adder (D:2)
  A worm (D:2)
  A dart slug (D:1)
  2 orcs (D:2)
  An endoplasm (D:1)
  A giant cockroach (D:1)
  2 goblins
  2 hobgoblins (D:2)
  A quokka (D:2)
  5 ball pythons
  2 kobolds
  2 rats (D:1)
21 creatures vanquished.

Vanquished Creatures (collateral kills)
  A goblin (D:2)
1 creature vanquished.

Grand Total: 22 creatures vanquished

Notes
Turn   | Place    | Note
-------+----------+-------------------------------------------
     0 | D:1      | jtron the Demonspawn Brigand began the quest for the Orb.
     0 | D:1      | Reached XP level 1. HP: 16/16 MP: 1/1
    58 | D:1      | Found a faded altar of an unknown god.
   239 | D:1      | Gained mutation: You have large cloven feet. [demonic
                  | ancestry]
   239 | D:1      | Reached XP level 2. HP: 13/22 MP: 2/2
   387 | D:1      | Learned a level 2 spell: Ensorcelled Hibernation
   643 | D:2      | Reached skill level 4 in Stealth
   645 | D:2      | You fall into a shaft and drop 1 floor!
   786 | D:2      | Reached skill level 1 in Spellcasting
   786 | D:2      | Gained mutation: A weak demonic guardian rushes to your
                  | aid. [demonic ancestry]
   786 | D:2      | Reached XP level 3. HP: 27/27 MP: 4/4
  1018 | D:2      | Slain by an orc priest

Illustrated notes

Levels and vault maps discovered:
D:1:      amcnicky_arrival_single_pillar, layout_rooms, basic_ecumenical_altar
D:2:      wander_river, layout_basic, minmay_misc_feat_four_crosses,
          minmay_indecisive_spiral
D:3:      layout_loops_corners, nicolae_wu_jian_glorious_leap, uniq_grinder

Skill      XL: |  1  2 |
---------------+-------+-----
Stealth        | 4 |  4.0
Spellcasting   | 1 |  1.1
Fighting       | |  2.1
Short Blades   | |  1.9
Ranged Weapons | |  0.4
Throwing       | |  1.9
Dodging        | |  0.9
Hexes          | |  0.4
Ice Magic      | |  0.6

Action                     || total
---------------------------++-------
  Melee: Dagger            ||    22
         Kick              ||     2
   Fire: Arbalest          ||    18
  Throw: Dart              ||     7
    Use: Potion            ||     1
   Stab: Sleeping          ||     2
 Armour: Robe              ||     5
  Dodge: Dodged            ||     8

Table legend: (Time is in decaauts)
 A = Elapsed time spent in this place.
 B = Non-inter-level travel time spent in this place.
 C = Inter-level travel time spent in this place.
 D = Time resting spent in this place.
 E = Time spent auto-exploring this place.
 F = Levels seen in this place.
 G = Mean time per level.
                   A        B        C        D        E       F      G
               +--------+--------+--------+--------+--------+-----+--------+
         Total |   1036 |   1026 |     10 |     69 |    788 |   3 |  345.3 |
       Dungeon |   1036 |   1026 |     10 |     69 |    788 |   3 |  345.3 |
               +--------+--------+--------+--------+--------+-----+--------+

Top non-repeatable levels by time:
     D:1: 596 daAuts
     D:2: 399 daAuts
     D:3: 40 daAuts
